General information
- name: BNet
- type: Ladder team game (AT/RT)
- host: Battle.net
- saver: miguelitito
map: Dragonblight
- players: 6
- length: 58:01
- speed: Fast
- version: 1.26 W3XP
- replay type: Public
» download(206 KB)
Players
team 1 (loser)

»
Niglet. (
green | 39 APM | 1169 actions | 29:53)
5 Dreadlord
3 Sleep
2 Vampiric Aura
3 Death Knight
2 Death Coil
1 Death Pact
3 Dark Ranger
2 Silence
1 Life Drain
» actions
| Basic commands | 1 | |
| Build / train | 58 | |
| Enter build submenu | 24 | |
| Enter hero's abilities submenu | 11 | |
| Give item / drop item | 3 | |
| Remove unit from queue | 2 | |
| Right click | 608 | |
| Select / deselect | 352 | |
| Use ability | 110 | |
1169 total
» units
| Acolyte | 5 | |
| Ghoul | 6 | |
| Obsidian Statue | 7 | |
| Frost Wyrm | 3 | |
| Gargoyle | 5 | |
26 total
» upgrades
| Creature Attack | 3 | |
| Creature Carapace | 1 | |
| Destroyer Form | 1 | |
| Freezing Breath | 1 | |
6 total
» buildings
| Crypt | 1 | |
| Altar of Darkness | 1 | |
| Ziggurat | 8 | |
| Tomb of Relics | 1 | |
| Nerubian Tower | 1 | |
| Halls of the Dead | 1 | |
| Graveyard | 1 | |
| Slaughterhouse | 2 | |
| Sacrificial Pit | 1 | |
| Black Citadel | 1 | |
| Boneyard | 1 | |
| Necropolis | 1 | |
20 total
» build order
00:11 Crypt
00:14 Altar of Darkness
00:37 Ziggurat
01:01 Ziggurat
01:38 Tomb of Relics
01:56 Nerubian Tower
02:58 Halls of the Dead
03:13 Graveyard
03:58 Ziggurat
04:05 Ziggurat
05:26 Slaughterhouse
05:37 Sacrificial Pit
06:15 Black Citadel
07:55 Ziggurat
08:45 Boneyard
09:45 Ziggurat
12:19 Ziggurat
12:37 Necropolis
13:00 Ziggurat
15:02 Slaughterhouse
» items
| Scroll of Town Portal | 3 | |
| Periapt of Vitality | 1 | |
| Boots of Speed | 1 | |
| Potion of Healing | 2 | |
7 total
J_Rufus (
pink | 69 APM | 2128 actions | 31:00)
5 Mountain King
3 Storm Bolt
1 Bash
1 Thunder Clap
6 Paladin
3 Divine Shield
1 Holy Light
1 Devotion Aura
1 Resurrection
» actions
| Assign group hotkey | 91 | |
| Basic commands | 1 | |
| Build / train | 166 | |
| ESC pressed | 20 | |
| Enter build submenu | 35 | |
| Enter hero's abilities submenu | 11 | |
| Give item / drop item | 2 | |
| Remove unit from queue | 1 | |
| Right click | 406 | |
| Select / deselect | 515 | |
| Select group hotkey | 743 | |
| Use ability | 137 | |
2128 total
» units
| Peasant | 33 | |
| Footman | 3 | |
| Rifleman | 14 | |
| Gryphon Rider | 7 | |
| Sorceress | 8 | |
| Priest | 4 | |
| Siege Engine | 2 | |
71 total
» upgrades
| Masonry | 3 | |
| Lumber Harvesting | 2 | |
| Sorceress Training | 2 | |
| Priest Training | 2 | |
| Long Rifles | 1 | |
| Storm Hammers | 1 | |
| Animal War Training | 1 | |
| Gunpowder | 1 | |
| Armor | 1 | |
| Swords | 1 | |
| Barrage | 1 | |
16 total
» buildings
| Farm | 9 | |
| Altar of Kings | 1 | |
| Barracks | 1 | |
| Scout Tower | 26 | |
| Lumber Mill | 1 | |
| Arcane Tower | 1 | |
| Blacksmith | 1 | |
| Guard Tower | 31 | |
| Town Hall | 2 | |
| Keep | 2 | |
| Castle | 2 | |
| Arcane Sanctum | 2 | |
| Gryphon Aviary | 2 | |
| Workshop | 1 | |
82 total
» build order
00:36 Farm
00:39 Farm
00:50 Altar of Kings
01:08 Barracks
01:26 Scout Tower
01:27 Scout Tower
01:28 Scout Tower
01:47 Farm
02:25 Lumber Mill
02:32 Farm
03:16 Farm
03:20 Arcane Tower
03:53 Blacksmith
03:57 Guard Tower
04:03 Farm
05:19 Scout Tower
05:20 Scout Tower
05:23 Scout Tower
05:46 Town Hall
05:59 Scout Tower
06:00 Scout Tower
06:02 Scout Tower
06:04 Scout Tower
06:06 Scout Tower
06:08 Scout Tower
06:21 Guard Tower
06:35 Guard Tower
06:42 Guard Tower
06:42 Guard Tower
06:43 Guard Tower
06:44 Guard Tower
06:44 Guard Tower
07:09 Guard Tower
07:09 Guard Tower
08:00 Guard Tower
08:03 Scout Tower
08:11 Scout Tower
08:37 Scout Tower
08:43 Guard Tower
08:44 Guard Tower
08:55 Keep
09:00 Guard Tower
09:03 Scout Tower
09:08 Scout Tower
09:09 Guard Tower
09:29 Scout Tower
09:54 Guard Tower
10:23 Guard Tower
10:25 Scout Tower
10:27 Guard Tower
10:28 Guard Tower
10:54 Town Hall
10:59 Guard Tower
13:05 Scout Tower
13:05 Scout Tower
13:29 Scout Tower
13:29 Scout Tower
13:29 Scout Tower
13:33 Castle
13:37 Arcane Sanctum
13:39 Gryphon Aviary
15:07 Guard Tower
15:40 Gryphon Aviary
15:45 Arcane Sanctum
15:48 Scout Tower
17:05 Guard Tower
17:07 Scout Tower
20:48 Guard Tower
22:42 Farm
22:42 Farm
24:38 Farm
25:43 Workshop
» items
| Scroll of Healing | 6 | |
| Potion of Lesser Invulnerability | 3 | |
| Scroll of Town Portal | 5 | |
| Potion of Healing | 3 | |
| Orb of Fire | 1 | |
18 total
woodhack (
red | 31 APM | 983 actions | 31:35)
4 Goblin Tinker
1 Pocket Factory
2 Engineering Upgrade
1 Cluster Rockets
» actions
| Assign group hotkey | 12 | |
| Basic commands | 107 | |
| Build / train | 63 | |
| ESC pressed | 4 | |
| Enter build submenu | 23 | |
| Enter hero's abilities submenu | 4 | |
| Give item / drop item | 1 | |
| Right click | 210 | |
| Select / deselect | 188 | |
| Select group hotkey | 309 | |
| Use ability | 62 | |
983 total
» units
| Peasant | 17 | |
| Rifleman | 6 | |
| Gryphon Rider | 1 | |
| Dragonhawk Rider | 1 | |
| Footman | 1 | |
26 total
» upgrades
| Masonry | 3 | |
| Gunpowder | 2 | |
| Armor | 1 | |
| Lumber Harvesting | 3 | |
| Backpack | 1 | |
| Long Rifles | 1 | |
11 total
» buildings
| Altar of Kings | 1 | |
| Farm | 8 | |
| Scout Tower | 4 | |
| Arcane Tower | 1 | |
| Lumber Mill | 1 | |
| Barracks | 1 | |
| Arcane Vault | 3 | |
| Keep | 2 | |
| Blacksmith | 1 | |
| Castle | 2 | |
| Town Hall | 1 | |
| Gryphon Aviary | 2 | |
| Guard Tower | 3 | |
30 total
» build order
00:32 Altar of Kings
00:45 Farm
01:00 Scout Tower
01:16 Farm
01:40 Arcane Tower
01:53 Farm
01:59 Lumber Mill
02:16 Barracks
03:17 Arcane Vault
03:27 Arcane Vault
03:56 Keep
04:01 Blacksmith
06:06 Farm
06:27 Castle
07:03 Town Hall
07:57 Farm
08:55 Farm
08:59 Gryphon Aviary
09:54 Scout Tower
10:13 Scout Tower
10:16 Guard Tower
10:25 Scout Tower
10:55 Guard Tower
10:56 Keep
11:27 Guard Tower
12:59 Arcane Vault
13:29 Castle
15:21 Farm
15:36 Gryphon Aviary
18:18 Farm
» items
| Staff of Teleportation | 1 | |
| Boots of Speed | 1 | |
| Scroll of Healing | 1 | |
| Scroll of Protection | 1 | |
| Scroll of Town Portal | 3 | |
| Orb of Fire | 1 | |
| Staff of Sanctuary | 1 | |
| Scroll of Regeneration | 1 | |
| Lesser Clarity Potion | 1 | |
| Potion of Healing | 1 | |
| Orb of Corruption | 1 | |
13 total
team 2 (winner)

»
qizs (
purple | 54 APM | 1716 actions | 31:36)
6 Death Knight
3 Death Coil
2 Unholy Aura
1 Animate Dead
4 Lich
2 Frost Nova
2 Frost Armor
» actions
| Assign group hotkey | 34 | |
| Basic commands | 4 | |
| Build / train | 62 | |
| ESC pressed | 1 | |
| Enter build submenu | 24 | |
| Enter hero's abilities submenu | 11 | |
| Right click | 614 | |
| Select / deselect | 250 | |
| Select group hotkey | 638 | |
| Use ability | 78 | |
1716 total
» units
| Acolyte | 6 | |
| Ghoul | 5 | |
| Frost Wyrm | 14 | |
| Crypt Fiend | 9 | |
34 total
» upgrades
| Freezing Breath | 1 | |
| Burrow | 2 | |
| Web | 1 | |
4 total
» buildings
| Graveyard | 1 | |
| Ziggurat | 10 | |
| Crypt | 1 | |
| Altar of Darkness | 1 | |
| Tomb of Relics | 1 | |
| Halls of the Dead | 1 | |
| Black Citadel | 1 | |
| Sacrificial Pit | 1 | |
| Boneyard | 3 | |
| Spirit Tower | 2 | |
22 total
» build order
00:24 Graveyard
00:28 Ziggurat
00:44 Crypt
01:12 Altar of Darkness
01:17 Tomb of Relics
01:33 Ziggurat
03:14 Halls of the Dead
04:24 Ziggurat
05:27 Ziggurat
05:37 Black Citadel
06:07 Sacrificial Pit
06:18 Ziggurat
08:01 Boneyard
08:03 Boneyard
08:05 Boneyard
08:58 Ziggurat
25:49 Ziggurat
25:52 Ziggurat
26:23 Ziggurat
26:47 Spirit Tower
27:52 Spirit Tower
28:46 Ziggurat
» items
| Rod of Necromancy | 2 | |
| Potion of Healing | 2 | |
| Scroll of Town Portal | 2 | |
6 total
miguelitito (
teal | 37 APM | 2119 actions | 58:01)
5 Blood Mage
1 Flame Strike
2 Siphon Mana
2 Banish
1 Dark Ranger
1 Black Arrow
1 Goblin Alchemist
1 Healing Spray
» actions
| Assign group hotkey | 54 | |
| Basic commands | 51 | |
| Build / train | 122 | |
| Enter build submenu | 43 | |
| Enter hero's abilities submenu | 14 | |
| Give item / drop item | 1 | |
| Remove unit from queue | 5 | |
| Right click | 959 | |
| Select / deselect | 601 | |
| Select group hotkey | 103 | |
| Use ability | 165 | |
2119 total
» units
| Peasant | 19 | |
| Footman | 5 | |
| Mortar Team | 6 | |
| Dragonhawk Rider | 7 | |
| Rifleman | 4 | |
| Gryphon Rider | 3 | |
| Blue Dragon | 2 | |
| Blue Dragon Whelp | 3 | |
| Blue Drake | 2 | |
| Nerubian Webspinner | 1 | |
| Frost Revenant | 1 | |
| Nerubian Warrior | 1 | |
| Goblin Sapper | 5 | |
59 total
» upgrades
| Lumber Harvesting | 1 | |
| Armor | 3 | |
| Storm Hammers | 1 | |
| Cloud | 1 | |
| Animal War Training | 1 | |
| Swords | 1 | |
8 total
» buildings
| Altar of Kings | 1 | |
| Farm | 12 | |
| Arcane Vault | 1 | |
| Lumber Mill | 1 | |
| Scout Tower | 18 | |
| Arcane Tower | 1 | |
| Guard Tower | 13 | |
| Keep | 1 | |
| Barracks | 2 | |
| Blacksmith | 1 | |
| Workshop | 2 | |
| Gryphon Aviary | 2 | |
| Cannon Tower | 7 | |
| Town Hall | 3 | |
| Castle | 1 | |
66 total
» build order
03:30 Altar of Kings
03:32 Farm
04:17 Arcane Vault
04:24 Lumber Mill
04:33 Farm
04:44 Scout Tower
05:12 Scout Tower
05:47 Arcane Tower
05:49 Guard Tower
06:00 Farm
06:02 Farm
07:32 Keep
08:11 Barracks
08:53 Blacksmith
09:28 Farm
10:03 Scout Tower
10:13 Workshop
10:33 Scout Tower
10:40 Guard Tower
10:43 Scout Tower
10:53 Scout Tower
10:57 Gryphon Aviary
11:14 Workshop
11:19 Guard Tower
11:27 Gryphon Aviary
11:40 Cannon Tower
12:50 Scout Tower
12:53 Scout Tower
13:21 Guard Tower
13:23 Guard Tower
13:24 Guard Tower
13:50 Farm
14:31 Farm
14:31 Farm
14:31 Farm
14:31 Farm
14:32 Farm
15:09 Scout Tower
15:11 Scout Tower
15:43 Cannon Tower
18:19 Guard Tower
20:26 Town Hall
20:28 Scout Tower
20:30 Scout Tower
21:36 Castle
21:54 Scout Tower
22:09 Guard Tower
22:25 Cannon Tower
22:25 Cannon Tower
22:26 Cannon Tower
22:33 Guard Tower
22:33 Guard Tower
22:33 Guard Tower
22:34 Guard Tower
22:50 Scout Tower
23:18 Barracks
27:24 Town Hall
30:08 Town Hall
31:15 Scout Tower
31:18 Scout Tower
31:33 Scout Tower
31:34 Scout Tower
32:23 Guard Tower
54:50 Cannon Tower
» items
| Staff of Teleportation | 1 | |
| Circlet of Nobility | 1 | |
| Boots of Speed | 2 | |
| Lesser Clarity Potion | 3 | |
| Scroll of Regeneration | 4 | |
| Potion of Mana | 1 | |
| Scroll of Town Portal | 2 | |
| Staff of Sanctuary | 1 | |
| Ivory Tower | 2 | |
17 total

»
doonkiller (
blue | 55 APM | 1750 actions | 31:36)
4 Pit Lord
2 Rain of Fire
2 Cleaving Attack
5 Dark Ranger
2 Black Arrow
3 Silence
4 Shadow Hunter
2 Healing Wave
2 Hex
» actions
| Build / train | 112 | |
| Enter build submenu | 25 | |
| Enter hero's abilities submenu | 13 | |
| Remove unit from queue | 1 | |
| Right click | 911 | |
| Select / deselect | 582 | |
| Use ability | 106 | |
1750 total
» units
| Peon | 12 | |
| Grunt | 5 | |
| Shaman | 8 | |
| Troll Witch Doctor | 7 | |
| Tauren | 4 | |
| Wind Rider | 1 | |
| Blue Drake | 3 | |
| Blue Dragon | 4 | |
44 total
» upgrades
| Spiked Barricades | 2 | |
| Armor | 1 | |
| Shaman Training | 2 | |
| Witch Doctor Training | 2 | |
| Pulverize | 1 | |
| Envenomed Spears | 1 | |
| Reinforced Defenses | 1 | |
10 total
» buildings
| Altar of Storms | 1 | |
| Orc Burrow | 8 | |
| Barracks | 1 | |
| War Mill | 1 | |
| Voodoo Lounge | 1 | |
| Watch Tower | 3 | |
| Stronghold | 3 | |
| Fortress | 1 | |
| Spirit Lodge | 2 | |
| Tauren Totem | 2 | |
| Great Hall | 2 | |
| Beastiary | 2 | |
27 total
» build order
00:22 Altar of Storms
00:38 Orc Burrow
00:52 Barracks
01:28 War Mill
01:41 Voodoo Lounge
02:18 Orc Burrow
03:00 Watch Tower
03:09 Orc Burrow
03:51 Watch Tower
03:57 Watch Tower
04:55 Stronghold
04:55 Stronghold
04:56 Stronghold
06:19 Orc Burrow
07:44 Fortress
07:47 Spirit Lodge
07:50 Spirit Lodge
10:53 Tauren Totem
10:58 Tauren Totem
12:17 Orc Burrow
17:55 Orc Burrow
17:57 Orc Burrow
18:00 Orc Burrow
20:23 Great Hall
23:05 Beastiary
23:08 Beastiary
25:51 Great Hall
» items
| Healing Salve | 3 | |
| Lesser Clarity Potion | 2 | |
| Scroll of Speed | 1 | |
| Scroll of Town Portal | 8 | |
| Potion of Lesser Invulnerability | 2 | |
| Staff of Teleportation | 3 | |
| Boots of Speed | 1 | |
20 total
Chat log
(01:04 / Allies) doonkiller: gg?
(03:30 / Allies) qizs: b
(03:41 / Allies) miguelitito: hi qizs looser :)
(03:56 / Allies) qizs: what r u doing?
(03:57 / Allies) miguelitito: im goingair ok ?
(03:58 / Allies) miguelitito: playing
(04:05 / Allies) qizs: fuck loser
(04:11 / Allies) miguelitito: i won you last time
(04:19 / Allies) qizs: lmao
(07:32 / Allies) doonkiller: b
(07:51 / Allies) qizs: lmao
(08:24 / Allies) qizs: lmao
(08:28 / All) J_Rufus: :D
(08:31 / Allies) miguelitito: play with you = to loose
(08:40 / All) qizs: play with nooob
(08:48 / All) J_Rufus: stfu
(09:05 / Allies) qizs: unit?
(10:32 / All) J_Rufus: D
(10:37 / Allies) qizs: b
(10:43 / Allies) qizs: fuc k
(10:57 / Allies) qizs: lmao
(11:44 / Allies) miguelitito: why steal farm ?
(12:24 / Allies) doonkiller: b
(12:36 / Allies) doonkiller: red
(12:37 / Allies) qizs: nooob
(12:48 / Allies) qizs: nooob
(12:52 / Allies) qizs: fuck u
(13:07 / Allies) miguelitito: wtf
(13:56 / Allies) doonkiller: b
(14:28 / Allies) qizs: nooob
(14:36 / Allies) qizs: fuc kyu
(14:46 / Allies) qizs: shit
(14:59 / Allies) qizs: loser
(15:14 / Allies) miguelitito: you have problems with insults
(15:22 / Allies) qizs: fuc k
(16:55 / Allies) qizs: loser
(17:01 / All) J_Rufus: D
(17:09 / All) J_Rufus: boom
(17:31 / Allies) qizs: move
(21:30 / Allies) qizs: nooob
(21:47 / Allies) qizs: fuc unit
(23:06 / Allies) qizs: make meleee
(23:08 / Allies) miguelitito: me ?
(23:09 / Allies) miguelitito: ok
(26:15 / Allies) qizs: wait
(26:40 / Allies) qizs: b
(30:27 / Allies) miguelitito: gold please
(30:32 / All) J_Rufus: such noob allies
(30:36 / All) woodhack: kk
(30:53 / All) qizs: fuck loser
(31:03 / All) miguelitito: GG